 Dungeon Crawl Stone Soup version 0.26-a0-837-g5a8a614f01 (webtiles) character file.

Game seed: 6465774805229698820

0 Gargoyl the Skirmisher (level 1, 0/23 HPs)
             Began as a Gnoll Abyssal Knight on Nov 18, 2020.
             Was a Follower of Lugonu.
             Slain by an ancient zyme (8 damage)
             ... on level 2 of the Abyss.
             The game lasted 00:00:19 (74 turns).

Gargoyl the Skirmisher (Gnoll Abyssal Knight)         Turns: 74, Time: 00:00:19

Health: 0/23       AC:  3    Str: 14    XL:     1   Next: 0%
Magic:  3/3        EV: 12    Int: 14    God:    Lugonu [*.....]
Gold:   72         SH:  0    Dex: 14    Spells: 0/0 levels left

rFire    . . .     SeeInvis .   a - +1 hand axe
rCold    . . .     Faith    .   (no shield)
rNeg     . . .     Spirit   .   b - +0 leather armour
rPois    .         Reflect  .   (no helmet)
rElec    .         Harm     .   (no cloak)
rCorr    .         Rampage  .   (no gloves)
MR       .....                  (no boots)
Stlth    +.........             (no amulet)
HPRegen  0.00/turn              c - ring of flight
MPRegen  0.08/turn              (no ring)

@: non-regenerating, diseased
A: distributed training, fangs 1, strong nose
a: Depart the Abyss, Renounce Religion, Evoke Flight


You were on level 2 of the Abyss.
You worshipped Lugonu.
Lugonu was aware of your devotion.
You visited 0 branches of the dungeon, and saw 0 of its levels.
You visited the Abyss 1 time.

You collected 72 gold pieces.

Inventory:

Hand Weapons
 a - a +1 hand axe (weapon)
Armour
 b - a +0 leather armour (worn)
Jewellery
 c - a ring of flight (left hand)


   Skills:
 + Level 6.4 Fighting
 + Level 0.0 Short Blades
 + Level 0.0 Long Blades
 + Level 4.4 Axes
 + Level 0.0 Maces & Flails
 + Level 0.0 Polearms
 + Level 0.0 Staves
 + Level 0.0 Slings
 + Level 0.0 Bows
 + Level 0.0 Crossbows
 + Level 0.0 Throwing
 + Level 4.4 Armour
 + Level 2.3 Dodging
 + Level 0.0 Stealth
 + Level 0.0 Shields
 + Level 0.0 Unarmed Combat
 + Level 0.0 Spellcasting
 + Level 0.0 Conjurations
 + Level 0.0 Hexes
 + Level 0.0 Summonings
 + Level 0.0 Necromancy
 + Level 0.0 Translocations
 + Level 0.0 Transmutations
 + Level 0.0 Fire Magic
 + Level 0.0 Ice Magic
 + Level 0.0 Air Magic
 + Level 0.0 Earth Magic
 + Level 0.0 Poison Magic
 + Level 4.4 Invocations
 + Level 0.0 Evocations


You couldn't memorise any spells.
You didn't know any spells.
Your spell library was empty.

Dungeon Overview and Level Annotations

Branches:
Dungeon (0/15)

Altars:


Innate Abilities, Weirdness & Mutations

Your experience applies equally to all skills.
You have very sharp teeth.
Your uncanny sense of smell can sniff out nearby items.


Message History

It was a scroll of teleportation.
You now have 33 gold pieces.
You are suddenly pulled into a different region of the Abyss!
Found a wooden ring.
c - a wooden ring You aren't carrying any scrolls.
Unknown command.
c - a ring of flight (left hand)
A small abomination comes into view.
A small abomination is nearby!
Found 39 gold pieces.
You see here 39 gold pieces.
You now have 72 gold pieces (gained 39).
An ancient zyme comes into view.
You feel yourself growing ill in the presence of the ancient zyme.
The small abomination hits you!
Ouch! That really hurt!
You feel ill. The ancient zyme hits you!
You die...

#.....#....#
##..##.#.........
...#...## ......
#..##.#
..##...... ###
#.#####.......
#.#.## .......
#.##..###.......
#..#.#..xx.#.....
##....###@..≈≈≈≈≈
#....#....##.####
##.#..#..## ..
#.#. ### . . .#


You could see an ancient zyme and a small abomination.

Vanquished Creatures (others)
  4 tentacles (Abyss:1)
4 creatures vanquished.

Notes
Turn   | Place    | Note
-------+----------+-------------------------------------------
     0 | Abyss:1  | Gargoyl the Gnoll Abyssal Knight began the quest for the
                  | Orb.
     0 | Abyss:1  | Reached XP level 1. HP: 23/23 MP: 3/3
     0 | Abyss:1  | Noticed a kraken
    57 | Abyss:2  | Noticed a small abomination
    71 | Abyss:2  | Noticed an ancient zyme
    74 | Abyss:2  | Slain by an ancient zyme

Illustrated notes

Levels and vault maps discovered:
Abyss:2:  base: Temple, hangedman_abyss_or_decor_passed,
          guppyfry_abyss_exit_imp_island, hangedman_decor_riveting

Action                   || total
-------------------------++-------
  Use: Scroll            ||     1

Table legend: (Time is in decaauts)
 A = Elapsed time spent in this place.
 B = Non-inter-level travel time spent in this place.
 C = Inter-level travel time spent in this place.
 D = Time resting spent in this place.
 E = Time spent auto-exploring this place.
 F = Levels seen in this place.
 G = Mean time per level.
                   A        B        C        D        E       F      G
               +--------+--------+--------+--------+--------+-----+--------+
         Total |     73 |     73 |      0 |      0 |     28 |   2 |   36.5 |
         Abyss |     73 |     73 |      0 |      0 |     28 |   2 |   36.5 |
               +--------+--------+--------+--------+--------+-----+--------+

Top non-repeatable levels by time:
 Abyss:2: 48 daAuts
 Abyss:1: 25 daAuts
